 Dungeon Crawl Stone Soup version 0.15-a0-429-gf5d7e11 (webtiles) character file.

249 4tharraofdagon the Ruffian (level 4, 0/41 HPs)
             Began as a Troll Wanderer on May 6, 2014.
             Was an Initiate of Ashenzari.
             Killed from afar by an orc wizard (9 damage)
             ... with a magic dart
             ... on Level 4 of the Dungeon.
             The game lasted 00:05:56 (914 turns).

4tharraofdagon the Ruffian (Troll Wanderer)          Turns: 914, Time: 00:05:57

HP   0/41        AC  5     Str 19      XL: 4   Next: 91%
MP   4/4         EV  9     Int  9      God: Ashenzari [......]
Gold 118         SH  0     Dex 10      Spells:  2 memorised,  3 levels left

rFire  . . .     SeeInvis .       - Unarmed
rCold  . . .     Clarity  .     c - +0 robe
rNeg   . . .     Conserve .     (shield restricted)
rPois  .         rCorr    .     (helmet restricted)
rElec  .         rRot     .     (no cloak)
SustAb . .       Spirit   .     (gloves unavailable)
rMut   .         Warding  .     (boots unavailable)
Gourm  +         Stasis   .     (no amulet)
MR     .....                    (no ring)
                                p - cursed ring of regeneration

@: lethally poisoned, not resistant to hostile enchantments, very unstealthy
A: unfitting armour, claws 3, fast metabolism 3, gourmand, regeneration 2,
saprovore 2, shaggy fur 1, tough skin 2
a: Renounce Religion


You were on level 4 of the Dungeon.
You worshipped Ashenzari.
Ashenzari was noncommittal.
You were very full.

You visited 1 branch of the dungeon, and saw 4 of its levels.

You collected 118 gold pieces.

Inventory:

Hand weapons
 d - a +0,+0 club
 e - a +0,+0 dagger
Missiles
 l - 3 javelins (quivered)
Armour
 c - a +0 robe (worn)
Magical devices
 s - a wand of digging (11)
Comestibles
 f - 2 meat rations
 g - a royal jelly
 u - 2 bread rations
Scrolls
 b - 2 scrolls of teleportation
 j - a scroll of curse armour
 k - a scroll of random uselessness {unknown}
 m - 2 scrolls of identify {unknown}
 n - a scroll of amnesia {unknown}
 r - a scroll of curse weapon
 t - a scroll of immolation {unknown}
Jewellery
 p - a cursed ring of regeneration (left claw)
Potions
 h - 3 potions of curing {unknown}
 o - a potion of agility {unknown}
 q - 2 potions of restore abilities {unknown}
Books
 a - a book of Minor Magic

   Spells                             Type                      Level
   Magic Dart                         Conjuration                  1
   Blink                              Translocation                2
   Call Imp                           Summoning                    2
   *Repel Missiles                    Charms/Air                   2
   Slow                               Hexes                        2
   Conjure Flame                      Conjuration/Fire             3
   Mephitic Cloud                     Conjuration/Poison/Air       3
 i - a book of the Sky

   Spells                             Type                      Level
   Flight                             Charms/Air                   3
   Airstrike                          Air                          4
   Silence                            Hexes/Air                    5
   Deflect Missiles                   Charms/Air                   6
   Conjure Ball Lightning             Conjuration/Air              6
   Tornado                            Air                          9


   Skills:
 + Level 1.4 Fighting
 - Level 0.2 Dodging
 - Level 1.1 Stealth
 * Level 2.6 Unarmed Combat
 + Level 1.5 Spellcasting
   Level 2.1 Conjurations
 * Level 2.0 Air Magic
   Level 1.0 Poison Magic


You had 3 spell levels left.
You knew the following spells:

 Your Spells              Type           Power        Failure   Level  Hunger
a - Summon Small Mammal   Summ           #...         38%         1    ##.....
b - Repel Missiles        Chrm/Air       #.....       38%         2    ###....


Dungeon Overview and Level Annotations

Branches:
Dungeon (4/15)
 Temple: D:4-7

Altars:
Ashenzari
Sif Muna


Innate Abilities, Weirdness & Mutations

You are too large for most types of armour.
You have claws for hands.
Your metabolism is lightning-fast.
You like to eat raw meat.
You heal very quickly.
You can eat rotten meat.
You are covered in fur (AC +1).
You have very tough skin (AC +2).


Message History

You are more poisoned.
The orc wizard points at you and mumbles some strange words.
The puff of frost hits you!
You closely miss the orc wizard.
The orc wizard is almost dead.
You feel sick.
The orc wizard mumbles some strange words.
The orc wizard flickers and vanishes!
Deactivating autopickup; reactivate with Ctrl-A.
Unknown command.
You closely miss something.
You feel sick.
You hear some strange, mumbled words.
You feel troubled. Something hits you.
* * * LOW HITPOINT WARNING * * *
Unknown command.
Unknown command.
You closely miss something.
You feel sick.
You hear some strange, mumbled words.
The magic dart hits you!
You die...

#.#...#..#####...#.
...........###.##..
#######.#......#..
.#......#.# ##(.....#.##.
#............#
#..##...#.#..#
##%.###.##.# .#
#...o{@....#..#
##...##)#..#..##...
##................
#####.####...#.#..#..###..
.......?oo........#..#
...#..o.##......%.# .#
#.... #........# .#
###..##.....#..#..#
...o...............


You could see an orc.

Vanquished Creatures
  An orc wizard (D:4)
  4 adders
  A giant mite (D:4)
  A worm (D:2)
  3 giant geckos
  2 orcs (D:4)
  2 giant cockroaches
  8 goblins
  6 hobgoblins
  3 kobolds
  2 quokkas
  A ball python (D:2)
  7 bats
  3 giant newts
  2 orc skeletons (D:4)
  5 rats
51 creatures vanquished.

Notes
Turn   | Place    | Note
--------------------------------------------------------------
     0 | D:1      | 4tharraofdagon, the Troll Wanderer, began the quest for the Orb.
     0 | D:1      | Reached XP level 1. HP: 16/16 MP: 2/2
   107 | D:2      | Reached skill level 1 in Unarmed Combat
   122 | D:2      | Reached XP level 2. HP: 26/26 MP: 2/2
   210 | D:2      | Learned a level 2 spell: Repel Missiles
   348 | D:1      | Reached XP level 3. HP: 32/32 MP: 0/3
   394 | D:2      | Reached skill level 1 in Fighting
   466 | D:2      | Found a shattered altar of Ashenzari.
   470 | D:2      | Found a deep blue altar of Sif Muna.
   485 | D:2      | Became a worshipper of Ashenzari the Shackled
   677 | D:4      | Reached XP level 4. HP: 34/41 MP: 4/4
   914 | D:4      | Killed from afar by an orc wizard

Action                   |  1- 3 |  4- 6 || total
-------------------------+-------+-------++-------
Melee: Unarmed           |   121 |    53 ||   174
 Cast: Repel Missiles    |     1 |       ||     1
Evoke: Wand              |       |     1 ||     1
  Use: Scroll            |     1 |       ||     1

Vault maps used:
D:1:      lightli_arrival_windingriver
D:2:      minitemple
D:3:      lemuel_round_altar
D:4:      guppyfry_early_orc_mine
